 Dungeon Crawl Stone Soup version 0.31-a0-455-g1a7b003ef0 (webtiles) character file.

Game seed: 1241662794436718685

4 Twinkles the Ruffian (level 1, 0/15 HPs)
             Began as a Demonspawn Shapeshifter on Aug 3, 2023.
             Slain by a quokka (4 damage)
             ... on level 1 of the Dungeon.
             The game lasted 00:00:18 (69 turns).

Twinkles the Ruffian (Demonspawn Shapeshifter)        Turns: 69, Time: 00:00:18

Health: 0/15       AC:  2    Str: 15    XL:     1   Next: 58%
Magic:  1/1        EV: 12    Int:  9    God:
Gold:   22         SH:  0    Dex: 13    Spells: 0/0 levels left

rFire   . .          .
                       - Unarmed
rCold   . . .        (no shield)
rNeg    . . .        a - +0 animal skin
rPois   .            (helmet currently unavailable)
rElec   .            (cloak currently unavailable)
rCorr   .            (gloves currently unavailable)
SInv    .            (boots currently unavailable)
Will    .....        (no amulet)
Stlth   +            (no ring)
HPRegen 0.22/turn    (no ring)
MPRegen 0.07/turn

%: no passive effects
@: beast-form
A: beast (slay +1)
a: Begin Untransformation


You were on level 1 of the Dungeon.
You were a hulking beast.
You visited 1 branch of the dungeon, and saw 1 of its levels.

You collected 22 gold pieces.

Inventory:

Armour
 a - a +0 animal skin (worn)
Talismans
 c - a beast talisman (active)
Potions
 P - a potion of lignification


   Skills:
 + Level 1.1 Fighting
 + Level 1.9 Dodging
 + Level 2.7 Unarmed Combat
 + Level 2.7 Shapeshifting


You couldn't memorise any spells.
You didn't know any spells.
Your spell library was empty.

Dungeon Overview and Level Annotations

Branches:
Dungeon (1/15) Zot: 5930

Altars:


Message History

The bat closely misses you.
You hit the bat.
You kill the bat!
The bat hits you but does no damage.
You hit the bat.
The bat is almost dead.
The bat misses you. The bat hits you but does no damage.
A quokka comes into view.
The bat closely misses you. The bat hits you but does no damage.
You closely miss the bat.
The bat is severely wounded.
The bat closely misses you.
You hit the bat.
You kill the bat!
The quokka barely misses you.
You closely miss the quokka. The quokka bites you.
You closely miss the rat. The quokka bites you. The rat closely misses you.
You are too injured to fight recklessly!
You are too injured to fight recklessly!
You completely miss the quokka. The quokka bites you.
The rat closely misses you.
You hit the quokka but do no damage. The quokka misses you. The rat bites you.
The quokka bites you.
* * * LOW HITPOINT WARNING * * *
You barely miss the quokka. The rat barely misses you.
The quokka barely misses you.
You miss the quokka. The quokka closely misses you. The rat closely misses you.
You hit the quokka.
The quokka is severely wounded.
The quokka closely misses you. The rat barely misses you.
You closely miss the quokka.
The quokka is heavily wounded.
The quokka closely misses you. The rat bites you.
* * * LOW HITPOINT WARNING * * *
You barely miss the quokka. Your punch misses the quokka.
The quokka is heavily wounded.
The quokka bites you.
You die...

.. .# #.###.# #######
#(#...# #.....#
####.#...# #.....#
....#...# #.....#
......###.....#
#.#...##..rr.#
######...#.##...h.#
#......#.#.##.....######
#...####.#.##..........#
#.≈.# #.#.####....$...#
#.≈.# #.#.#...........#
..≈.# #)..#.###.#######
#.≈.# #..^#.# #.# #...#
#....[###.# #...#
##......#.#


You could see a quokka and a rat.

Vanquished Creatures
  2 bats (D:1)
  A hobgoblin (D:1)
  A goblin (D:1)
4 creatures vanquished.

Notes
Turn   | Place    | Note
-------+----------+-------------------------------------------
     0 | D:1      | Twinkles the Demonspawn Shapeshifter began the quest for
                  | the Orb.
     0 | D:1      | Reached XP level 1. HP: 15/15 MP: 1/1
    64 | D:1      | HP: 4/15 [quokka (4)]
    69 | D:1      | Slain by a quokka

Illustrated notes

Levels and vault maps discovered:
D:1:      dpeg_arrival_rooms_c, layout_basic, corner_web_ring,
          minmay_lizard_pond

Action                     || total
---------------------------++-------
  Melee: Unarmed           ||    23
 Armour: Animal skin       ||    10
  Dodge: Dodged            ||    27

Table legend: (Time is in decaauts)
 A = Elapsed time spent in this place.
 B = Non-inter-level travel time spent in this place.
 C = Inter-level travel time spent in this place.
 D = Time resting spent in this place.
 E = Time spent auto-exploring this place.
 F = Levels seen in this place.
 G = Mean time per level.
                   A        B        C        D        E       F      G
               +--------+--------+--------+--------+--------+-----+--------+
         Total |     68 |     68 |      0 |      0 |     32 |   1 |   68.0 |
       Dungeon |     68 |     68 |      0 |      0 |     32 |   1 |   68.0 |
               +--------+--------+--------+--------+--------+-----+--------+

Top non-repeatable levels by time:
     D:1: 68 daAuts
